 Dungeon Crawl Stone Soup version 0.29-a0-676-ga64570c9d2 (webtiles) character file.

Game seed: 541474771702903656

74 buhh the Bolt Thrower (level 4, -5/26 HPs)
             Began as a Kobold Hunter on June 25, 2022.
             Killed by an exploding scorpion (28 damage)
             ... ignited by their inner flame
             ... on level 3 of the Dungeon.
             The game lasted 00:03:20 (2374 turns).

buhh the Bolt Thrower (Kobold Hunter)               Turns: 2374, Time: 00:03:20

Health: -5/26      AC:  5    Str:  8    XL:     4   Next: 54%
Magic:  4/4        EV: 16    Int: 10    God:
Gold:   157        SH:  0    Dex: 20    Spells: 3/3 levels left

rFire   . . .      SeeInvis .   a - +1 hand crossbow
rCold   . . .      Faith    .   (no shield)
rNeg    . . .      Spirit   .   e - +0 robe
rPois   .          Reflect  .   (no helmet)
rElec   .          Harm     .   (no cloak)
rCorr   +          Rampage  .   h - +0 pair of gloves
Will    .....                   f - +1 pair of boots
Stlth   ++++......              (no amulet)
HPRegen 0.08/turn               m - ring of resist corrosion
MPRegen 0.09/turn               (no ring)

@: no status effects
A: small, no large weapons, nightstalker 3
a: no special abilities


You were on level 3 of the Dungeon.
You visited 1 branch of the dungeon, and saw 3 of its levels.

You collected 157 gold pieces.

Inventory:

Hand Weapons
 a - a +1 hand crossbow (weapon)
Armour
 e - a +0 robe (worn)
 f - a +1 pair of boots (worn)
 h - a +0 pair of gloves (worn)
Jewellery
 d - a ring of ice
 m - a ring of resist corrosion (left hand)
Scrolls
 c - a scroll of identify {unknown}
 i - a scroll of fear {unknown}
 j - a scroll of teleportation {unknown}
 k - a scroll of enchant armour {unknown}
 l - a scroll of vulnerability {unknown}
 n - a scroll of summoning {unknown}
 T - 3 scrolls of immolation {!d}
Potions
 b - a potion of flight {unknown}
 g - a potion of mutation {unknown}
 o - a potion of might {unknown}


   Skills:
 - Level 2.1 Fighting
 * Level 6.5 Crossbows
 + Level 3.3 Dodging
 + Level 3.1 Stealth


You had 3 spell levels left.
You didn't know any spells.
Your spell library contained the following spells:

 Spells                   Type           Power      Damage    Failure   Level
 Sublimation of Blood     Necr           0%         N/A       50%         2
 Wereblood                Tmut           0%         N/A       50%         2
 Leda's Liquefaction      Hex/Erth       0%         N/A       98%         4
 Lee's Rapid Deconstruct  Erth           0%         3d5*      100%        5
 Statue Form              Tmut/Erth      0%         N/A       100%        6
 Summon Hydra             Summ           0%         N/A       100%        7


Dungeon Overview and Level Annotations

Branches:
Dungeon (3/15) Zot: 15571

Altars:
Sif Muna

Annotations:
D:2 Sigmund


Innate Abilities, Weirdness & Mutations

You are small and have problems with some larger weapons.
You are completely attuned to the shadows.


Message History

No target in view!
Key pressed, stopping explore.
You now have 144 gold pieces (gained 11).
You open the gate.
Found a shimmering blue altar of Sif Muna.
There is an open gate here.
You now have 157 gold pieces (gained 13).
There is an open gate here.
You see here 5 stones.
There is a stone staircase leading down here.
Key pressed, stopping explore.
n - a scroll labelled VANOZA QAEMYN An endoplasm comes into view.
An endoplasm is nearby!
You shoot a bolt. The bolt hits the endoplasm!
You kill the endoplasm!
No target in view!
No target in view!
Key pressed, stopping explore.
o - a fizzy green potion Key pressed, stopping explore.
A scorpion comes into view.
Okay, then.
Really read the scroll of immolation?
As you read the scroll of immolation {!d}, it crumbles to dust.
The creatures around you are filled with an inner flame!
You shoot a bolt.
The bolt hits the scorpion but does no damage.
You shoot a bolt.
The bolt hits the scorpion but does no damage.
The scorpion attacks as you move away! The scorpion barely misses you.
The scorpion stings you.
There is a stone staircase leading up here.
You shoot a bolt. The bolt hits the scorpion!
Flame seeps out of the scorpion.
The scorpion is heavily wounded.
The scorpion is engulfed in blazing flames.
The scorpion explodes!
The fiery explosion engulfs you!!
Ouch! That really hurt!
You die...

##).......#######.....
###.....######## #.>...
###........##....####.....
..............##.#......##
#..........#####.#.######
...##.>...## #...#
##........## ###.#
####.......# ###§######
.......>...#####@○§......
#...............§§§.#####
..###.....###...##.....#
...........#...####.##.#
#.######..)....# #..#
#..##....#.....#####.#
......#####..#......<##
##..######..#######...##
##.# #...## #....###


There were no monsters in sight!

Vanquished Creatures
  A scorpion (D:3)
  3 adders (D:2)
  4 ball pythons
  7 endoplasms
  2 giant cockroaches
  2 goblins
  7 hobgoblins
  2 jackals (D:1)
  4 bats
  3 frilled lizards
  2 kobolds
  9 rats
46 creatures vanquished.

Notes
Turn   | Place    | Note
-------+----------+-------------------------------------------
     0 | D:1      | buhh the Kobold Hunter began the quest for the Orb.
     0 | D:1      | Reached XP level 1. HP: 12/12 MP: 1/1
    65 | D:1      | Found a faded altar of an unknown god.
   397 | D:1      | Reached XP level 2. HP: 17/17 MP: 2/2
   970 | D:2      | Noticed Sigmund
  1146 | D:2      | Reached skill level 6 in Crossbows
  1146 | D:2      | Reached XP level 3. HP: 21/21 MP: 3/3
  1476 | D:2      | Reached XP level 4. HP: 14/26 MP: 4/4
  2217 | D:3      | Found a shimmering blue altar of Sif Muna.
  2364 | D:3      | Noticed a scorpion
  2374 | D:3      | Killed a scorpion
  2374 | D:3      | Killed by an exploding scorpion... ignited by their inner
                  | flame

Illustrated notes

Levels and vault maps discovered:
D:1:      zaba_arrival_water, layout_basic,
          hellmonk_ecumenical_altar_arch_garden, hex_medium
D:2:      layout_basic, uniq_sigmund
D:3:      layout_rooms, mainiacjoe_overflow_alcove_4

Skill      XL: |  1  2  3 |
---------------+----------+-----
Stealth        | 2 3 |  3.1
Crossbows      | 6 |  6.5
Dodging        | 3 |  3.3
Fighting       | |  2.1

Action                   |  1- 3 |  4- 6 || total
-------------------------+-------+-------++-------
 Fire: Hand crossbow     |   100 |    32 ||   132
  Use: Scroll            |       |     1 ||     1
Armor: Robe              |    13 |       ||    13
Dodge: Dodged            |    53 |     7 ||    60

Table legend: (Time is in decaauts)
 A = Elapsed time spent in this place.
 B = Non-inter-level travel time spent in this place.
 C = Inter-level travel time spent in this place.
 D = Time resting spent in this place.
 E = Time spent auto-exploring this place.
 F = Levels seen in this place.
 G = Mean time per level.
                   A        B        C        D        E       F      G
               +--------+--------+--------+--------+--------+-----+--------+
         Total |   2427 |   2131 |    296 |      0 |   1843 |   3 |  809.0 |
       Dungeon |   2427 |   2131 |    296 |      0 |   1843 |   3 |  809.0 |
               +--------+--------+--------+--------+--------+-----+--------+

Top non-repeatable levels by time:
     D:1: 1005 daAuts
     D:2: 933 daAuts
     D:3: 488 daAuts
